 Dungeon Crawl Stone Soup version 0.28.0 (console) character file.

Game seed: 3000103849017478526

2043 ryathie the Fighter (level 9, -2/59 HPs)
             Began as a Gargoyle Fighter on Feb 19, 2022.
             Was a Believer of the Shining One.
             Shot with an arrow by a centaur (10 damage)
             ... on level 9 of the Dungeon.
             The game lasted 00:14:40 (3016 turns).

ryathie the Fighter (Gargoyle Fighter)              Turns: 3016, Time: 00:14:41

Health: -2/59      AC: 21    Str: 21      XL:     9   Next: 24%
Magic:  9/9        EV:  7    Int:  7 (8)  God:    the Shining One [**....]
Gold:   272        SH:  4    Dex: 13      Spells: 8/8 levels left

rFire   . . .      SeeInvis .   a - +0 war axe
rCold   . . .      Faith    .   c - +0 buckler
rNeg    + + .      Spirit   .   k - +0 chain mail
rPois   ∞          Reflect  .   j - +1 helmet
rElec   +          Harm     .   (no cloak)
rCorr   .          Rampage  .   l - +0 pair of gloves
Will    .....                   q - +0 pair of boots
Stlth   ..........              (no amulet)
HPRegen 0.19/turn               (no ring)
MPRegen 0.11/turn               (no ring)

@: marked, glowing
A: sickness immunity, AC +6, negative energy resistance 1, electricity
resistance, torment resistance 1, petrification resistance
a: Renounce Religion, Divine Shield


You were on level 9 of the Dungeon.
You worshipped the Shining One.
The Shining One was pleased with you.
You visited 2 branches of the dungeon, and saw 10 of its levels.

You collected 272 gold pieces.

Inventory:

Hand Weapons
 a - a +0 war axe (weapon)
Armour
 c - a +0 buckler (worn)
 j - a +1 helmet (worn)
 k - a +0 chain mail (worn)
 l - a +0 pair of gloves (worn)
 q - a +0 pair of boots (worn)
Wands
 p - a wand of flame (24)
Scrolls
 b - 2 scrolls of identify
 e - a scroll of teleportation
 f - a scroll of summoning
 i - a scroll of blinking
Potions
 d - 2 potions of might
 g - a potion of magic
 h - a potion of heal wounds
 m - 2 potions of flight
 o - a potion of attraction
 s - a potion of berserk rage
 u - a potion of brilliance


   Skills:
 - Level 8.0 Fighting
 + Level 6.8 Axes
 - Level 2.0 Throwing
 - Level 7.0 Armour
 - Level 3.2 Shields
 - Level 2.0 Evocations


You had 8 spell levels left.
You didn't know any spells.
Your spell library was empty.

Dungeon Overview and Level Annotations

Branches:
Dungeon (9/15)             Temple (1/1) D:4
   Lair: D:8-11         Orc: D:9-12

Altars:
Ashenzari
Cheibriados
Dithmenos
Elyvilon
Fedhas
Gozag
Kikubaaqudgha
Makhleb
Nemelex Xobeh
Qazlal
Ru
Sif Muna
Vehumet
Yredelemnul
Zin
The Shining One

Annotations:
D:5 Dowan, Duvessa
D:7 2 transporters, Jase's ghost, novice DrTm
D:9 Harold


Innate Abilities, Weirdness & Mutations

You are immune to sickness and miasma.
Your stone body is resilient. (AC +6)
You are immune to poison.
You resist negative energy. (rN+)
You are resistant to electric shocks. (rElec)
You are resistant to unholy torment.
You are immune to petrification.


Message History

Harold's mind is blasted!!
Aiming: Mindburst
Press: ? - help, Shift-Dir - straight line, f/p - Harold
Aim: Harold, wielding a +0 long sword, wearing a +0 scale mail, quivering a throwing net and carrying a wand of acid (4) (moderately wounded, chance to affect: 39%) Harold resists with some effort.
Harold throws a throwing net.
The throwing net hits you.
You become entangled in the net!
Aiming: Mindburst
Press: ? - help, Shift-Dir - straight line, f/p - Harold
Aim: Harold, wielding a +0 long sword, wearing a +0 scale mail and carrying a wand of acid (4) (moderately wounded, chance to affect: 39%) Harold resists with some effort.
A centaur comes into view.
Harold zaps a wand.
The bolt of acid hits you!!
Aiming: Mindburst
Press: ? - help, Shift-Dir - straight line, f/p - Harold
Aim: Harold, wielding a +0 long sword, wearing a +0 scale mail and carrying a wand of acid (3) (moderately wounded, chance to affect: 39%) Harold's mind is blasted!
The centaur wields a +0 shortbow.
The centaur shoots an arrow.
The arrow hits you.
Aiming: Mindburst
Press: ? - help, Shift-Dir - straight line, f/p - Harold
Aim: Harold, wielding a +0 long sword, wearing a +0 scale mail and carrying a wand of acid (3) (heavily wounded, chance to affect: 39%) Harold resists with some effort.
The now-empty wand crumbles to dust.
The centaur shoots an arrow.
The arrow hits you.
Harold zaps a wand.
The bolt of acid hits you!
* * * LOW HITPOINT WARNING * * *
You don't have any such object.
Evoke which item? (* to show all) (? for menu, Esc to quit)
Huh?
Evoke which item? (* to show all) (? for menu, Esc to quit)
Okay, then.
Unknown command.
Blink to where?
Press: ? - help, Dir - move target, p - Harold
As you read the scroll of blinking, it crumbles to dust.
You see here a +0 shortbow.
There is an open door, spattered with blood here.
There is an open door here.
The centaur shoots an arrow.
The arrow hits you!
* * * LOW HITPOINT WARNING * * *
The centaur shoots an arrow.
The arrow hits you!
You die...

#......c.).......^
#.##+#'###........
#. #.#.# #########
#.##.#c#### #
#.........# #
#########........#
#
.................#
#
########.........#
# #..@........# #
#.##........# #
#.<#........# #
#..#........# #
....#........#
#.##.#.......(# #.
#.#........# #
#.#.#+#+### #.#


You could see a centaur.

Vanquished Creatures
  2 yaks (D:8)
  A water moccasin (D:7)
  An ice beast (D:8)
  2 orc warriors (D:8)
  A phantom (D:4)
  2 centaurs (D:7)
  A kobold brigand (D:6)
  5 bullfrogs
  A scorpion (D:6)
  2 centaur zombies
  3 hounds
  2 gnoll shamans (D:7)
  An orc priest (D:8)
  A jelly (D:8)
  A bullfrog skeleton (D:7)
  An iguana (D:7)
  5 orc wizards
  A killer bee zombie (D:8)
  A hound skeleton (D:5)
  Robin (D:3)
  A howler monkey skeleton (D:5)
  9 gnolls
  4 adders
  A white imp (D:7)
  2 worms
  A dart slug (D:3)
  19 orcs
  An endoplasm (D:4)
  3 giant cockroaches (D:4)
  9 goblins
  4 hobgoblins
  A quokka (D:4)
  A ball python (D:4)
  A frilled lizard (D:2)
  7 kobolds
99 creatures vanquished.

Vanquished Creatures (others)
  An orc (D:4)
1 creature vanquished.

Grand Total: 100 creatures vanquished

Notes
Turn   | Place    | Note
-------+----------+-------------------------------------------
     0 | D:1      | ryathie the Gargoyle Fighter began the quest for the Orb.
     0 | D:1      | Reached XP level 1. HP: 14/14 MP: 1/1
    43 | D:2      | Reached XP level 2. HP: 11/20 MP: 2/2
   105 | D:3      | Reached skill level 4 in Fighting
   105 | D:3      | Reached XP level 3. HP: 14/24 MP: 3/3
   245 | D:4      | Found a staircase to the Ecumenical Temple.
   255 | D:4      | Reached XP level 4. HP: 11/30 MP: 4/4
   260 | Temple   | Entered the Ecumenical Temple
   341 | Temple   | Became a worshipper of the Shining One
   763 | D:3      | Noticed Robin
   866 | D:4      | Reached XP level 5. HP: 25/34 MP: 5/5
   876 | D:3      | Killed Robin
   916 | D:3      | Reached skill level 5 in Fighting
   972 | D:3      | Found a broken altar of Ashenzari.
   972 | D:3      | Found a blossoming altar of Fedhas.
  1095 | D:5      | Entered Level 5 of the Dungeon
  1098 | D:5      | Noticed Dowan
  1099 | D:5      | Noticed Duvessa
  1132 | D:6      | Reached XP level 6. HP: 21/40 MP: 6/6
  1239 | D:6      | Found a radiant altar of Vehumet.
  1371 | D:5      | Reached XP level 7. HP: 34/45 MP: 7/7
  1378 | D:5      | Reached skill level 6 in Fighting
  1381 | D:5      | Reached * piety under the Shining One
  1437 | D:4      | Reached skill level 5 in Armour
  1679 | D:7      | Noticed a steam dragon
  1683 | D:7      | Found a transporter.
  1686 | D:7      | Found a transporter.
  1692 | D:7      | Noticed Jase's ghost (novice DrTm)
  1707 | D:7      | Identified the +4 dagger "Veampu" {protect, rElec rPois
                  | Str+4}
  1751 | D:7      | Reached skill level 1 in Throwing
  1751 | D:7      | Reached skill level 1 in Evocations
  1793 | D:7      | Reached skill level 5 in Axes
  1834 | D:7      | Reached XP level 8. HP: 41/52 MP: 8/8
  2242 | D:8      | Reached ** piety under the Shining One
  2317 | D:8      | Reached skill level 7 in Fighting
  2358 | D:8      | Noticed a deep elf pyromancer
  2597 | D:9      | Noticed a yak
  2597 | D:9      | Noticed a yak
  2597 | D:9      | Noticed a yak
  2597 | D:9      | Noticed a yak
  2598 | D:9      | Noticed a yak
  2598 | D:9      | Noticed a yak
  2615 | D:8      | Killed a yak
  2616 | D:8      | Reached XP level 9. HP: 28/59 MP: 9/9
  2617 | D:8      | Reached skill level 8 in Fighting
  2857 | D:9      | Noticed Harold
  3016 | D:9      | Shot with an arrow by a centaur

Illustrated notes

Levels and vault maps discovered:
D:1:      amcnicky_arrival_feature_with_door, layout_basic,
          hellmonk_ecumenical_altar_inner_sanctum
D:2:      layout_basic
D:3:      wander_river, layout_basic, jmf_multi_god_temple, uniq_robin
D:4:      layout_loops_cross, minmay_temple_entry_junction_2,
          ebering_ghost_disaster_area, st_stairs_12
D:5:      layout_rooms, uniq_duvessa
D:6:      layout_gridville, mainiacjoe_overflow_catwalk,
          biasface_ghost_orc_armoury
D:7:      layout_gridville, gammafunk_ghost_arena
D:8:      layout_loops_cross
D:9:      lemuel_insect_pit, layout_basic, disabler_island, uniq_erolcha,
          uniq_harold
Temple:   mainiacjoe_temple_bowtie_tessellation

Skill      XL: |  1  2  3  4  5  6  7  8  9 |
---------------+----------------------------+-----
Axes           | 2 3 4 5 6 |  6.8
Fighting       | 4 5 6 7 8 |  8.0
Armour         | 4 5 6 7 |  7.0
Throwing       | 1 2 |  2.0
Evocations     | 1 2 |  2.0
Shields        | |  3.2

Action                   |  1- 3 |  4- 6 |  7- 9 || total
-------------------------+-------+-------+-------++-------
Melee: War axe           |    41 |   113 |   185 ||   339
Throw: Dart              |       |       |     1 ||     1
Evoke: Wand              |       |       |     6 ||     6
  Use: Scroll            |       |     4 |     9 ||    13
       Potion            |       |       |     3 ||     3
Armor: Scale mail        |    49 |    33 |       ||    82
       Chain mail        |       |    49 |   176 ||   225
Dodge: Dodged            |    29 |    52 |    78 ||   159
Block: Buckler           |    11 |    33 |    47 ||    91
